 Dungeon Crawl Stone Soup version 0.17-a0-2109-g117576f (webtiles) character file.

211 McCoppin the Covert (level 5, 4/24 HPs)
             Began as a Felid Berserker on Oct 20, 2015.
             Was a Priest of Trog.
             Quit the game on level 5 of the Dungeon.
             The game lasted 00:11:39 (3703 turns).

McCoppin the Covert (Felid Berserker)               Turns: 3703, Time: 00:11:39

Health: 4/24       AC:  2    Str: 13    XL:     5   Next: 57%
Magic:  6/6        EV: 19    Int:  8    God:    Trog [***...]
Gold:   168        SH:  0    Dex: 18    Spells: 0 memorised, 4 levels left
                                        Lives:  0   Deaths: 1

rFire  . . .     SeeInvis +       - Unarmed
rCold  . . .     Clarity  .     (armour unavailable)
rNeg   . . .     SustAt   .     (shield unavailable)
rPois  .         Gourm    .     (helmet unavailable)
rElec  .         Spirit   .     (cloak unavailable)
rCorr  .         Warding  .     (gloves unavailable)
rMut   .         Stasis   .     (boots unavailable)
MR     .....                    (no amulet)
Stlth  +++++.....               (no ring)
                                (no ring)

@: quick, not resistant to hostile enchantments, quite stealthy
A: no armour, no weapons or thrown items, claws 1, fangs 3, see invisible,
carnivore 3, speed 1, shaggy fur 2, slow metabolism 1, sharp paws
a: Berserk, Trog's Hand, Burn Spellbooks, Renounce Religion


You were on level 5 of the Dungeon.
You worshipped Trog.
Trog was most pleased with you.
You were not hungry.

You visited 2 branches of the dungeon, and saw 6 of its levels.

You collected 168 gold pieces.

Inventory:

Jewellery
 n - an uncursed ring of magical power
Wands
 l - a wand of digging (19)
Scrolls
 c - a scroll of enchant weapon {unknown}
 e - a scroll of fear {unknown}
 f - a scroll of teleportation {unknown}
 g - a scroll of recharging
 h - a scroll of amnesia {unknown}
 i - a scroll of enchant armour {unknown}
 m - 3 scrolls of remove curse
 o - 3 scrolls of magic mapping {unknown}
Potions
 b - 2 potions of curing {unknown}
 j - a potion of ambrosia {unknown}
 k - a potion of flight {unknown}
 p - a potion of resistance {unknown}
 q - 2 potions of poison {unknown}
Comestibles
 a - 2 meat rations
 d - 3 slices of pizza


   Skills:
 - Level 3.0 Fighting
 - Level 4.0 Dodging
 + Level 9.7 Stealth
 - Level 3.0 Unarmed Combat


You had 4 spell levels left.
You didn't know any spells.

Dungeon Overview and Level Annotations

Branches:
Dungeon (5/15)             Temple (1/1) D:4

Altars:
Cheibriados
Elyvilon
Fedhas
Kikubaaqudgha
Makhleb
Nemelex Xobeh
Okawaru
Qazlal
Ru
Trog
Vehumet
Zin

Annotations:
D:5 Pikel


Innate Abilities, Weirdness & Mutations

You cannot wear armour.
You are incapable of wielding weapons or throwing items.
You have sharp claws.
You have razor-sharp teeth.
You have supernaturally acute eyesight.
You are carnivorous and can eat meat at any time.
You cover ground quickly.
You are covered in thick fur (AC +2).
You have a slow metabolism.
Your sharp claws are effective at attacking unaware monsters.


Message History

You see here a scroll labeled MOVVOYTIRU.
The giant frog zombie closely misses you.
You scratch the giant frog zombie. You bite the giant frog zombie.
The giant frog zombie hits you. The giant frog zombie misses you.
You completely miss the giant frog zombie.
The giant frog zombie hits you.
You claw the giant frog zombie!
You hear a zap.
You hear a grinding noise.
The giant frog zombie hits you.
You claw the giant frog zombie! You bite the giant frog zombie.
The giant frog zombie hits you.
You barely miss the giant frog zombie. The giant frog zombie hits you.
The giant frog zombie hits you!
* * * LOW HITPOINT WARNING * * *
You are too injured to fight recklessly!
You are too injured to fight recklessly!
You are too injured to fight recklessly!
You are too injured to fight recklessly!
You are too injured to fight recklessly!
Are you sure you want to abandon this character and quit the game? (Confirm with "yes".)

##....## ##......#
#.......##
###........#
##..........#
##...........#
###............#
#.#......?.......#
#.....Z@.........#
##....#.........##
#... #.........#
#.. #........## #.
###......# #
####..## ###


You could see a giant frog zombie.

Vanquished Creatures
  The ghost of Kidiri the Magician, an amateur DEFE (D:4)
  Terence (D:3)
  A giant frog skeleton (D:4)
  A worker ant (D:4)
  Robin (D:2)
  A gnoll (D:4)
  7 adders
  2 oozes
  2 worms
  4 giant geckos
  3 orcs (D:4)
  3 giant cockroaches
  7 hobgoblins
  4 jackals (D:3)
  8 kobolds
  2 quokkas
  A ball python (D:2)
  8 bats
  20 goblins
  6 rats
83 creatures vanquished.

Notes
Turn   | Place    | Note
--------------------------------------------------------------
     0 | D:1      | McCoppin the Felid Berserker began the quest for the Orb.
     0 | D:1      | Reached XP level 1. HP: 10/10 MP: 2/2
    64 | D:1      | Reached skill level 1 in Stealth
   222 | D:1      | Reached XP level 2. HP: 14/14 MP: 3/3
   980 | D:2      | Reached ** piety under Trog
   980 | D:2      | Reached XP level 3. HP: 17/17 MP: 4/4
  1080 | D:2      | Found a bloodstained altar of Trog.
  1183 | D:2      | Reached skill level 5 in Stealth
  1261 | D:2      | Noticed Robin
  1285 | D:2      | Killed Robin
  1285 | D:2      | Reached XP level 4. HP: 11/21 MP: 5/5
  1629 | D:3      | Noticed Terence
  1675 | D:3      | Killed Terence
  1675 | D:3      | Reached skill level 6 in Stealth
  1909 | D:3      | Found a sparkling altar of Nemelex Xobeh.
  2086 | D:3      | Reached *** piety under Trog
  2089 | D:3      | Reached XP level 5. HP: 24/24 MP: 6/6
  2121 | D:3      | Reached skill level 7 in Stealth
  2587 | D:4      | Noticed Kidiri's ghost (amateur DEFE)
  2877 | D:4      | Found a staircase to the Ecumenical Temple.
  2995 | D:4      | Reached skill level 8 in Stealth
  3326 | D:4      | Noticed a phantom
  3386 | D:4      | Killed Kidiri's ghost
  3386 | D:4      | Reached skill level 9 in Stealth
  3386 | D:4      | Gained mutation: You are covered in thick fur (AC +2). [Felid growth]
  3386 | D:4      | Reached XP level 6. HP: 28/28 MP: 7/7
  3399 | Temple   | Entered the Ecumenical Temple
  3657 | D:5      | Entered Level 5 of the Dungeon
  3672 | D:5      | Noticed Pikel
  3690 | D:5      | Slain by Pikel
  3691 | D:5      | Reached XP level 5. HP: -3/36 MP: 6/6
  3703 | D:5      | Quit the game

Vault maps used:
D:1:      dpeg_arrival_castle, minmay_misc_feat_iff
D:2:      first_bread, lemuel_statue_altar, uniq_robin
D:3:      overflow_temple_1_default, st_stairs_7, uniq_terence
D:4:      minmay_temple_entry_statues_pillars
D:5:      grunt_dithmenos_shadows, uniq_pikel
Temple:   dpeg_three_leaves_temple_18

Action                   |  1- 3 |  4- 6 || total
-------------------------+-------+-------++-------
Melee: Unarmed           |   103 |   156 ||   259
Invok: Berserk           |     1 |     3 ||     4
       Burn Spellbooks   |       |     1 ||     1
       Trog's Hand       |       |     1 ||     1
  Use: Scroll            |     1 |     1 ||     2
 Stab: Sleeping          |     8 |    12 ||    20
       Distracted        |       |     1 ||     1
  Eat: Chunk             |     8 |     5 ||    13
